Luna, chaotic male elven Priest --- --- --- --..-- --.---.- ---|....| |.......- |..|*..-- |-......... |......| --- --.....%..@. B -....-- -.--- |.......f... --..-- |....| |....... h |..| |....----- ....... |..| --........----------.........- |.-- ---..................%.........| --.| |.....----.......-------.---..-- |..-- --.....---|....|.-- --- --.-- |-..-- |.......|.|..----- ---- |..| |....--- |-..........-- --..-- --.| --.....---...........| ----....| --- ---......<..^.---.--- --......-- ----..........-- --- --..--*..| --.........--..| |...||-..| |..........--------------.---|...| --.--.--...............)..| --.-- -------------------------- --- Luna the Acolyte Experience level: 5 Strength: 13 Dexterity: 13 Constitution: 14 Intelligence: 11 Wisdom: 15 Charisma: 10 Health: 0(40) Energy: 62(62) Def: 4 Gold: 213 Moves: 1932 Dungeon seed: jYiQYrSN8niZ6iyj Game ID: Luna_1615723698 Your Inventory: Coins $ - 213 gold pieces Weapons a - a blessed +1 mace (weapon in hand) i - 2 +0 darts m - 3 +1 darts s - a +0 sling y - 3 +0 arrows z - a +0 bow (alternate weapon; not wielded) A - a +1 dagger B - 6 blessed +0 arrows (in quiver) G - a +0 orcish dagger Armor n - a +0 small shield (being worn) r - a +0 dwarvish cloak (being worn) H - a +0 orcish helm (being worn) N - a blessed +0 pair of iron shoes (being worn) Comestibles c - a clove of garlic d - a sprig of wolfsbane k - 2 fortune cookies q - 2 tripe rations Scrolls p - a scroll of identify Spellbooks f - a spellbook of extra healing g - a spellbook of protection E - a blessed spellbook of wizard lock Potions b - 3 potions of holy water Tools h - a bell D - a towel F - a lock pick Gems e - a worthless piece of violet glass Y - 2 worthless pieces of white glass Spells and supernatural/magical abilities: Name Level Category Fail Memory p - protection 1 clerical 50% 91% w - wizard lock 2 matter 99% 99% x - extra healing 3 healing 100% 91% W - pray for help -- divine ? -- X - turn undead -- divine ? -- Your skills at the end: Fighting Skills Weapon Skills mace [Basic] Spellcasting Skills clerical spells [Basic] Final Attributes: You were piously aligned. You were sleep resistant. You had infravision. You are dead. Vanquished creatures: 5 gnome lords 2 floating eyes 4 dwarves 2 hill orcs an iguana 2 hobbits a giant rat 2 cave spiders a yellow mold a green mold a red mold 15 gnomes 2 garter snakes a gnome zombie 3 geckos 2 jackals 2 foxes 3 kobolds 3 goblins a grid bug 3 lichens a kobold zombie 3 newts 61 creatures vanquished. Voluntary challenges: You used a wielded weapon 48 times, starting on turn 2. You read items or engraved 4 times, starting on turn 498. You never genocided any monsters. You never polymorphed an object. You never changed form. You used no wishes. You never split a pudding. You never wrote Elbereth's name. You never violated your personal moral code. Dungeon overview: The Dungeons of Doom: levels 1 to 3 Level 1 some fountains, a sink a long staircase Level 2 stairs to The Gnomish Mines Level 3 a fountain The Gnomish Mines: levels 3 to 4 Level 3 stairs to The Dungeons of Doom Level 4 <- You were here History has recorded: On T:1 you entered the Dungeons of Doom to retrieve the Amulet of Yendor! On T:368 you reached level 2 of The Dungeons of Doom. On T:460 you advanced to experience level 2. On T:799 you reached level 3 of The Dungeons of Doom. On T:1203 you advanced to experience level 3. On T:1221 you reached level 1 of The Gnomish Mines. On T:1354 you advanced to experience level 4. On T:1572 you advanced to experience level 5. On T:1641 you reached level 2 of The Gnomish Mines. Score breakdown: Gold: 213 ( 7927 points) Experience: 5 levels (11141 points) Exploration: 4 levels ( 7.55%) ( 7205 points) Discoveries: 3 items ( 1.05%) ( 3067 points) Valuables value: (no points given unless you survive) Artifact value: 0 ( 0 points) Variety of kills: 23 monsters ( 6.04%) ( 7370 points) Turncount: 1932 turns ( 0 points) Survival: died (score multiplied by 80%) Total score: 29368 Latest messages: The gnome lord hits! You kill the gnome lord! You are caught in a bear trap. You hear some noises. You hear some noises in the distance. You start removing your hooded cloak. You take off your hooded cloak. You start equipping your hooded cloak. You are now wearing a hooded cloak. Never mind. You displace Qwerty. There are a few objects here. $ - 11 gold pieces. There are many objects here. Click! You trigger a rolling boulder trap! You are hit by a boulder. You die... Final status: Goodbye Luna the Priest, killed by a boulder... You died in The Gnomish Mines on dungeon level 4 with 29368 points, and 213 pieces of gold, after 1932 moves. You were level 5 with a maximum of 40 hit points when you died.